AoeStats
← Jok3R

Arabia

507538673Analyzed
1v1 RM · 12d ago on Sep 18, 2026· 32m 0s· 2 players
Game mode
Random Map
Map size
Tiny (2 player)
Population
200
Speed
Normal
Resources
Standard
Victory
Conquest
Starting age
Dark Age
Ending age
Imperial Age
RankedLock teamsTeams togetherTeam positionsShared explorationLock speedFull tech treeHidden civsTurbo modeCheats
Victory
Defeat
🇨🇿 Inca · Czechia
746
+16
🇩🇪 Bohemians · Germany
747
-16
Koroner
7:40 Loom
9:52 Feudal Age
10:26 Double-Bit Axe
12:25 Champi Runner
15:00 Scale Mail Armor
17:20 Horse Collar
24:43 Castle Age
23:58 Fletching
25:06 Forging
26:03 Chain Mail Armor
25:20 Champi Warrior
Jok3R
6:03 Loom
9:35 Feudal Age
10:07 Double-Bit Axe
10:09 Horse Collar
13:59 Fletching
22:51 Castle Age
23:37 Bodkin Arrow
23:42 Padded Archer Armor
23:59 Bow Saw
23:41 Crossbowman
31:42 Wheelbarrow
Connection lost

Rejoining the realm…

Still unreachable

The connection could not be restored.

Session expired

The server has moved on; the page needs a fresh start.